 Dungeon Crawl Stone Soup version 0.24-a0-57-gac335f2 (console) character file.

Game seed: 242759590717822663

56 Duffy the Shield-Bearer (level 3, -3/20 HPs)
             Began as a Vine Stalker Fighter on Feb 4, 2019.
             Slain by Eustachio
             ... wielding a +0 falchion
              (4 damage)
             ... on level 4 of the Dungeon.
             The game lasted 00:01:07 (700 turns).

Duffy the Shield-Bearer (Vine Stalker Fighter)       Turns: 700, Time: 00:01:08

Health: -3/20      AC:  6    Str: 18    XL:     3   Next: 95%
Magic:  0/4        EV:  7    Int:  8    God:
Gold:   11         SH:  9    Dex: 14    Spells: 2/2 levels left

rFire    . . .     SeeInvis .   a - +0 rapier
rCold    . . .     Gourm    .   c - +0 shield
rNeg     . . .     Faith    .   b - +0 scale mail
rPois    .         Spirit   +   (no helmet)
rElec    .         Reflect  .   (no cloak)
rCorr    .         Harm     .   (no gloves)
MR       .....                  (no boots)
Stlth    ..........             (no amulet)
HPRegen  0.06/turn              (no ring)
MPRegen  0.09/turn              (no ring)

@: no status effects
A: fangs 2, magic shield, antimagic bite, no potion heal 3, rot immunity
a: no special abilities


You were on level 4 of the Dungeon.
You were not hungry.

You visited 1 branch of the dungeon, and saw 4 of its levels.

You collected 11 gold pieces.

Inventory:

Hand Weapons
 a - a +0 rapier (weapon)
Armour
 b - a +0 scale mail (worn)
 c - a +0 shield (worn)
Potions
 d - 2 potions of might
 e - a potion of resistance {unknown}
 h - a potion of curing {unknown}
Comestibles
 f - 3 rations
 g - 5 chunks of flesh


   Skills:
 + Level 3.1 Fighting
 + Level 2.3 Short Blades
 + Level 2.8 Armour
 + Level 3.2 Shields


You had 2 spell levels left.
You didn't know any spells.
Your spell library was empty.

Dungeon Overview and Level Annotations

Branches:
Dungeon (4/15)
 Temple: D:4-7

Altars:
Fedhas

Annotations:
D:4 Eustachio


Innate Abilities, Weirdness & Mutations

You have extremely sharp teeth.
When hurt, damage is shared between your health and your magic reserves.
Your bite disrupts and absorbs the magic of your enemies.
Potions cannot restore your health.
You are immune to rotting.


Message History

You hit Eustachio but do no damage. Your bite misses Eustachio.
Eustachio is heavily wounded.
Eustachio falters for a moment.
The shadow imp hits you.
You closely miss Eustachio.
Eustachio is heavily wounded.
Eustachio hits you with a +0 falchion. You block the shadow imp's attack.
You barely miss Eustachio. Your bite misses Eustachio.
Eustachio is heavily wounded.
You block Eustachio's attack. The shadow imp hits you.
You barely miss Eustachio. Your bite misses Eustachio.
Eustachio is heavily wounded.
Eustachio barely misses you. The shadow imp hits you.
You hit Eustachio.
Eustachio is severely wounded.
You block the shadow imp's attack. Eustachio barely misses you.
You closely miss Eustachio. Your bite misses Eustachio.
Eustachio is severely wounded.
The shadow imp gestures at you. Pain shoots through your body!
Eustachio hits you with a +0 falchion.
You die...

### ### ###.# #.###
#.#.# #...# ##..## ##..#
##...### ###@5.##
###......####.@#5..#
###.............5#...#
##...............##.@.#
.................##o...#
...######........##....#
.### ###......##....# .#
##.....##..... .#
##......#..... .##
##............


You could see Eustachio, a shadow imp and an ufetubus.

Vanquished Creatures
  A gnoll (D:2)
  2 adders
  A dart slug (D:2)
  A leopard gecko (D:2)
  2 orcs
  A ball python (D:3)
  4 giant cockroaches
  2 goblins (D:2)
  2 hobgoblins
  3 jackals (D:2)
  A bat (D:1)
  A frilled lizard (D:2)
21 creatures vanquished.

Notes
Turn   | Place    | Note
-------+----------+-------------------------------------------
     0 | D:1      | Duffy the Vine Stalker Fighter began the quest for the Orb.
     0 | D:1      | Reached XP level 1. HP: 11/11 MP: 2/2
    78 | D:2      | Reached XP level 2. HP: 10/16 MP: 1/3
   369 | D:2      | Reached XP level 3. HP: 11/20 MP: 4/4
   542 | D:2      | Found a blossoming altar of Fedhas.
   674 | D:4      | Noticed Eustachio
   700 | D:4      | HP: 1/20 [shadow imp/nerve-wracking pain[Eustachio] (7)]
   700 | D:4      | Slain by Eustachio

Vault maps used:
D:1:      dpeg_arrival_lava_altar, minmay_misc_feat_encased
D:2:      nicolae_tso_carved_into_rock, lemuel_doored_altar,
          hangedman_decor_points, minmay_pentomino_s4, uniq_sigmund
D:3:      lemuel_coloured_pillars_altar, nicolae_overflow_hidden_temple,
          roderic_lattice_a
D:4:      nicolae_overflow_crystal_walls, dancing_weapons_uskayaw,
          kennysheep_mini, minmay_temple_entry_arrows, first_ration,
          uniq_eustachio, uniq_pikel

Skill      XL: |  1  2 |
---------------+-------+-----
Short Blades   | 2 |  2.3
Fighting       | 3 |  3.1
Shields        | 3 |  3.2
Armour         | |  2.8

Action                   || total
-------------------------++-------
Melee: Rapier            ||    69
       Bite              ||    23
Armor: Scale mail        ||    24
Dodge: Dodged            ||    18
Block: Shield            ||    39

Table legend:
 A = Non-vault XP
 B = Vault XP
 C = Vault XP percentage of total XP
 D = Non-vault monster count
 E = Vault monster count
 F = Vault count percentage of total count
                 A         B        C        D         E       F
            +---------+---------+-------+---------+---------+-------
      Total |      64 |      16 |  20.0 |      19 |       2 |   9.5
            +---------+---------+-------+---------+---------+-------
        D:1 |       3 |       0 |   0.0 |       2 |       0 |   0.0
        D:2 |      41 |      16 |  28.1 |      13 |       2 |  13.3
        D:3 |      17 |       0 |   0.0 |       3 |       0 |   0.0
        D:4 |       3 |       0 |   0.0 |       1 |       0 |   0.0
            +---------+---------+-------+---------+---------+-------
